 Dungeon Crawl Stone Soup version 0.32-a0-933-ga8fa3634e4 (webtiles) character file.

Game seed: 11351854563103296423

18 KennySheep the Sneak (level 2, -7/17 HPs)
             Began as a Deep Elf Wanderer on Apr 15, 2024.
             Mangled by a gnoll
             ... wielding a +0 whip
              (9 damage)
             ... on level 1 of the Dungeon.
             The game lasted 00:03:41 (471 turns).

KennySheep the Sneak (Deep Elf Wanderer)             Turns: 471, Time: 00:03:41

Health: -7/17      AC:  2    Str:  7    XL:     2   Next: 51%
Magic:  5/5        EV: 12    Int: 14    God:
Gold:   57         SH:  0    Dex: 18    Spells: 3/3 levels left

rFire   . . .        d - +0 quarterstaff
rCold   + . .        (shield currently unavailable)
rNeg    . . .        g - +0 robe
rPois   .            (no helmet)
rElec   .            (no cloak)
rCorr   .            (no gloves)
SInv    .            (no boots)
Will    .....        (no amulet)
Stlth   +++          k - ring of protection from cold
HPRegen 0.22/turn    (no ring)
MPRegen 0.09/turn

%: no passive effects
@: no status effects
A: no striking features
a: no special abilities


You were on level 1 of the Dungeon.
You visited 1 branch of the dungeon, and saw 2 of its levels.

You collected 57 gold pieces.

Inventory:

Hand Weapons
 a - a +0 dagger
 d - a +0 quarterstaff (weapon)
Missiles
 b - an atropa-tipped dart (quivered)
 c - a datura-tipped dart
 i - 6 poisoned darts
Armour
 g - a +0 robe (worn)
Jewellery
 k - a ring of protection from cold (left hand)
Wands
 n - a wand of flame (32)
Scrolls
 e - a scroll of fog
 h - a scroll of identify {unknown}
 j - a scroll of vulnerability {unknown}
 l - a scroll of fear {unknown}
Potions
 f - a potion of berserk rage
 m - a potion of magic {unknown}


   Skills:
 + Level 1.7 Fighting
 - Level 1.0 Staves
 * Level 1.6 Ranged Weapons
 + Level 2.7 Dodging
 + Level 6.1 Stealth
 + Level 1.0 Spellcasting


You had 3 spell levels left.
You didn't know any spells.
Your spell library was empty.

Dungeon Overview and Level Annotations

Branches:
Dungeon (2/15)

Altars:
The Shining One


Message History

No target in view!
m - a glowing green potion You now have 30 gold pieces (gained 13).
There is a stone staircase leading down here.
Key pressed, stopping explore.
Found a stone staircase leading up.
Found a glowing golden altar of the Shining One.
n - a wand of flame (32)
You now have 42 gold pieces (gained 12).
You now have 57 gold pieces (gained 15).
Found a leather armour.
There is a stone staircase leading up here.
You climb upwards.
Found 6 stones.
There is a stone staircase leading down here.
Found a robe.
The gnoll shouts!
You barely miss the gnoll. The gnoll closely misses you.
The gnoll hits you with a +0 whip.
You hit the gnoll.
The gnoll is heavily wounded.
The gnoll hits you with a +0 whip.
You closely miss the gnoll.
The gnoll is heavily wounded.
The gnoll closely misses you.
You barely miss the gnoll.
The gnoll is heavily wounded.
The gnoll completely misses you. The gnoll hits you with a +0 whip!
* * * LOW HITPOINT WARNING * * *
You hit the gnoll.
The gnoll is heavily wounded.
The gnoll closely misses you.
You barely miss the gnoll.
The gnoll is heavily wounded.
The gnoll barely misses you.
You closely miss the gnoll.
The gnoll is heavily wounded.
The gnoll hits you with a +0 whip!
Ouch! That really hurt!
You die...

.... ### .[...
#####.. .....
....(..###......
.......+.+......
.......#.#......
#....>....####
####.#........
#.#@.......
#.#g#####.#
#.#.# ..#.#
..#+# ..


You could see a gnoll.

Vanquished Creatures
  2 dart slugs
  A ribbon worm (D:2)
  4 hobgoblins
  A quokka (D:1)
  2 bats (D:1)
  A goblin (D:2)
  A kobold (D:1)
12 creatures vanquished.

Notes
Turn   | Place    | Note
-------+----------+-------------------------------------------
     0 | D:1      | KennySheep the Deep Elf Wanderer began the quest for the
                  | Orb.
     0 | D:1      | KennySheep set off with the following items: a +0 dagger,
                  | an atropa-tipped dart, a datura-tipped dart, a +0
                  | quarterstaff, a scroll of fog, a potion of berserk rage, a
                  | +0 robe.
     0 | D:1      | Reached XP level 1. HP: 12/12 MP: 3/3
   263 | D:1      | Reached skill level 1 in Ranged Weapons
   263 | D:1      | Reached XP level 2. HP: 15/17 MP: 4/4
   372 | D:2      | Reached skill level 1 in Spellcasting
   442 | D:2      | Found a glowing golden altar of the Shining One.
   471 | D:1      | Mangled by a gnoll

Illustrated notes

Levels and vault maps discovered:
D:1:      mainiacjoe_arrival_oval_in_oval, layout_basic, serial_bayou_pond_b,
          dreamdust_mushroom_princess
D:2:      layout_loops_cross, basic_altar

Skill      XL: |  1  2 |
---------------+-------+-----
Ranged Weapons | 1 |  1.6
Spellcasting   | 1 |  1.0
Fighting       | |  1.7
Staves         | |  1.0
Dodging        | |  2.7
Stealth        | |  6.1

Action                     || total
---------------------------++-------
  Melee: Quarterstaff      ||    59
   Stab: Sleeping          ||     8
 Armour: Robe              ||    34
  Dodge: Dodged            ||    41

Table legend: (Time is in decaauts)
 A = Elapsed time spent in this place.
 B = Non-inter-level travel time spent in this place.
 C = Inter-level travel time spent in this place.
 D = Time resting spent in this place.
 E = Time spent auto-exploring this place.
 F = Levels seen in this place.
 G = Mean time per level.
                   A        B        C        D        E       F      G
               +--------+--------+--------+--------+--------+-----+--------+
         Total |    484 |    484 |      0 |     59 |    210 |   2 |  242.0 |
       Dungeon |    484 |    484 |      0 |     59 |    210 |   2 |  242.0 |
               +--------+--------+--------+--------+--------+-----+--------+

Top non-repeatable levels by time:
     D:1: 336 daAuts
     D:2: 148 daAuts
